 Dungeon Crawl Stone Soup version 0.27-a0-334-g52645efa06 (webtiles) character file.

Game seed: 464443941957606237

884 willcat the Ruffian (level 8, -5/68 HPs)
             Began as a Naga Warper on Feb 13, 2021.
             Slain by an orc warrior
             ... wielding a +0 war axe
              (11 damage)
             ... on level 6 of the Dungeon.
             The game lasted 00:10:37 (7757 turns).

willcat the Ruffian (Naga Warper)                   Turns: 7757, Time: 00:10:38

Health: -5/68      AC:  7    Str: 14 (16) XL:     8   Next: 5%
Magic:  11/11      EV:  9    Int: 13 (14) God:
Gold:   220        SH:  0    Dex:  9 (10) Spells: 11/11 levels left

rFire    + . .     SeeInvis +     - Unarmed
rCold    . . .     Faith    .   (no shield)
rNeg     . . .     Spirit   .   i - +1 ring mail {rF+}
rPois    +         Reflect  .   (no helmet)
rElec    .         Harm     .   (no cloak)
rCorr    +         Rampage  .   (no gloves)
Will     +....                  (no barding)
Stlth    ..........             (no amulet)
HPRegen  0.21/turn              f - ring of resist corrosion
MPRegen  0.12/turn              (no ring)

@: mighty, short of breath, attractive, flying, very slow
A: large, see invisible, deformed body, poison resistance, slowness 2, spit
poison 1, AC +2
a: Spit Poison


You were on level 6 of the Dungeon.
You visited 1 branch of the dungeon, and saw 6 of its levels.

You collected 220 gold pieces.

Inventory:

Missiles
 d - 4 boomerangs of dispersal
 m - 20 poisoned darts (quivered)
Armour
 a - a +0 leather armour
 i - a +1 ring mail of fire resistance (worn)
Jewellery
 f - a ring of resist corrosion (left hand)
 n - an amulet of faith
Scrolls
 g - 2 scrolls of enchant weapon
 h - 7 scrolls of identify
 j - a scroll of fog {unknown}
 l - a scroll of enchant armour {unknown}
 o - 3 scrolls of magic mapping {unknown}
Potions
 b - a potion of curing
 k - a potion of magic


   Skills:
 - Level 2.6 Fighting
 + Level 2.7 Throwing
 + Level 3.7 Armour
 + Level 4.0 Dodging
 + Level 5.1 Unarmed Combat
 - Level 2.0 Spellcasting
 - Level 3.0 Translocations


You had 11 spell levels left.
You didn't know any spells.
Your spell library contained the following spells:

 Spells                   Type           Power        Failure   Level
 Blink                    Tloc           N/A          22%         2
 Gell's Gravitas          Tloc           4%           38%         3
 Lesser Beckoning         Tloc           4%           38%         3
 Teleport Other           Tloc           9%           38%         3
 Passage of Golubria      Tloc           N/A          80%         4


Dungeon Overview and Level Annotations

Branches:
Dungeon (6/15)
 Temple: D:4-7

Altars:
Cheibriados
Fedhas
Makhleb
Sif Muna
Uskayaw
Xom
Zin


Innate Abilities, Weirdness & Mutations

You cannot wear boots.
Your serpentine skin is tough. (AC +2)
You have supernaturally acute eyesight. (SInv)
Armour fits poorly on your strangely shaped body.
Your system is resistant to poisons. (rPois)
You cover ground very slowly.
You can spit poison.


Message History

There was something very wrong with that liquid.
You feel weakened.
You feel dopey.
You feel clumsy.
The orc warrior hits you with a +0 war axe.
It was a potion of attraction.
You feel attractive to monsters.
The orc warrior hits you with a +0 war axe.
It was a potion of might.
You feel very mighty all of a sudden. The orc warrior barely misses you.
You completely miss the orc warrior.
The orc warrior hits you with a +0 war axe!
* * * LOW HITPOINT WARNING * * *
Unknown command.
Blink to where?
Press: ? - help, Dir - move target
As you read the scroll of blinking, it crumbles to dust.
The orc warrior is pulled toward you! The orc is pulled toward you!
Okay, then.
It was a potion of flight.
You feel very buoyant.
You fly up into the air.
The orc warrior hits you with a +0 war axe!
* * * LOW HITPOINT WARNING * * *
Unknown command.
Okay, then.
Okay, then.
You aren't carrying any items that you can evoke.
Unknown command.
Press: ? - help, Shift-Dir - straight line, f - orc warrior
Aim: an orc warrior, wielding a +0 war axe, wearing a +0 chain mail and wearing a ring of resist corrosion The splash of poison hits the orc warrior but does no damage.
The orc warrior is poisoned.
The orc warrior closely misses you.
Unknown command.
You hit the orc warrior but do no damage.
The orc is pulled toward you!
Unknown command.
You hit the orc warrior.
The orc warrior is lightly wounded.
The orc warrior hits you with a +0 war axe!
You die...

..#......#.#.#
#.#.#.#..##..##Z
#.#.#.#...)...(.
###
#.#.#.#.###†.##.
..###.#.##..##.#.#
...#.#.###...##...
#.#.#.# #o######..
#.....# #.# .#
#.###@#.#####.# .
#.....oo......# #
###..#.########
#..#.# #..#.#
#..#.. #..#..
#....#. ..)


You could see an orc warrior (poisoned) and an orc.

Vanquished Creatures
  A water moccasin (D:6)
  3 ogres
  A howler monkey (D:4)
  An orc priest (D:5)
  2 hounds
  3 iguanas
  Ijyb (D:3)
  2 worker ants (D:4)
  7 gnolls
  3 river rats (D:4)
  5 adders
  2 worms
  3 dart slugs
  2 leopard geckos
  5 orcs
  A bat (D:1)
  9 giant cockroaches
  5 goblins
  8 hobgoblins
  7 jackals
  5 kobolds
  2 quokkas
  3 ball pythons
  6 frilled lizards
  6 rats
93 creatures vanquished.

Notes
Turn   | Place    | Note
-------+----------+-------------------------------------------
     0 | D:1      | willcat the Naga Warper began the quest for the Orb.
     0 | D:1      | Reached XP level 1. HP: 19/19 MP: 3/3
   187 | D:1      | Reached XP level 2. HP: 6/27 MP: 5/5
   960 | D:1      | Reached skill level 1 in Armour
  1128 | D:2      | Reached XP level 3. HP: 30/33 MP: 6/6
  2069 | D:2      | Reached skill level 3 in Unarmed Combat
  2069 | D:2      | Reached XP level 4. HP: 40/40 MP: 7/7
  2100 | D:2      | Found a glowing silver altar of Zin.
  2724 | D:3      | Found a snail-covered altar of Cheibriados.
  3963 | D:3      | Reached XP level 5. HP: 46/46 MP: 8/8
  4005 | D:3      | Noticed Ijyb
  4026 | D:3      | Killed Ijyb
  4578 | D:3      | Noticed an ogre
  4587 | D:3      | Killed an ogre
  4588 | D:3      | Reached XP level 6. HP: 16/55 MP: 9/9
  4811 | D:3      | Found a hide-covered altar of Uskayaw.
  4949 | D:3      | Reached skill level 4 in Unarmed Combat
  5158 | D:4      | Reached skill level 1 in Throwing
  5989 | D:4      | Reached XP level 7. HP: 24/61 MP: 10/10
  6373 | D:4      | Found a shimmering altar of Xom.
  6623 | D:5      | Entered Level 5 of the Dungeon
  6840 | D:5      | Upgraded the game from 0.27-a0-333-gfa571bf19a to
                  | 0.27-a0-334-g52645efa06
  7039 | D:5      | Found a burning altar of Makhleb.
  7235 | D:5      | Found a blossoming altar of Fedhas.
  7361 | D:5      | Found a shimmering blue altar of Sif Muna.
  7683 | D:6      | Reached skill level 5 in Unarmed Combat
  7724 | D:6      | Reached XP level 8. HP: 23/68 MP: 11/11
  7757 | D:6      | Slain by an orc warrior

Illustrated notes

Levels and vault maps discovered:
D:1:      dpeg_arrival_water_temple_mockup, layout_loops_ring
D:2:      layout_loops_corners, zin_statuary
D:3:      layout_loops_corners, lemuel_crystal_altar, cheibriados_altar_1,
          uniq_ijyb
D:4:      layout_rooms, kennysheep_mini_moat, portal_sewer_entry_b
D:5:      layout_basic, lemuel_blue_sif_altar, bloody_makhleb, fedhas_altar_1
D:6:      layout_loops_ring, minmay_temple_entry_arrows, uniq_grinder

Skill      XL: |  1  2  3  4  5  6  7 |
---------------+----------------------+-----
Armour         | 1 2 3 |  3.7
Dodging        | 2 3 4 |  4.0
Unarmed Combat | 3 4 5 |  5.1
Throwing       | 1 2 |  2.7
Fighting       | |  2.6
Spellcasting   | |  2.0
Translocations | |  3.0

Action                   |  1- 3 |  4- 6 |  7- 9 || total
-------------------------+-------+-------+-------++-------
Melee: Unarmed           |    69 |   192 |   105 ||   366
       Punch             |       |     2 |       ||     2
Throw: Dart              |       |    30 |    28 ||    58
       Boomerang         |       |     1 |       ||     1
 Abil: Spit Poison       |    40 |    41 |    16 ||    97
Evoke: Wand              |       |       |     1 ||     1
  Use: Scroll            |       |     3 |     1 ||     4
       Potion            |       |     3 |     4 ||     7
Armor: Leather armour    |     7 |       |       ||     7
       Ring mail         |    34 |    94 |    41 ||   169
Dodge: Dodged            |    36 |   139 |    55 ||   230

Table legend: (Time is in decaauts)
 A = Elapsed time spent in this place.
 B = Non-inter-level travel time spent in this place.
 C = Inter-level travel time spent in this place.
 D = Time resting spent in this place.
 E = Time spent auto-exploring this place.
 F = Levels seen in this place.
 G = Mean time per level.
                   A        B        C        D        E       F      G
               +--------+--------+--------+--------+--------+-----+--------+
         Total |   9115 |   8786 |    329 |   2641 |   4734 |   6 | 1519.2 |
       Dungeon |   9115 |   8786 |    329 |   2641 |   4734 |   6 | 1519.2 |
               +--------+--------+--------+--------+--------+-----+--------+

Top non-repeatable levels by time:
     D:3: 3166 daAuts
     D:2: 1981 daAuts
     D:4: 1519 daAuts
     D:1: 1331 daAuts
     D:5: 1006 daAuts
     D:6: 109 daAuts
